Map: King Sejong Station LE

Players

Neeblet (Neeb)

  • Race: Protoss Protoss

Patience - Winner!

  • Race: Protoss Protoss

Event: 2016 WCS Global Finals

VOD

https://youtu.be/dmsOMyt2VrM

Description

Time

  • Played on: Oct. 30, 2016, 12:55 p.m.
  • Length: 15:18

All games in this series

Show
View Real Time Build Order
Export as new Build Order

Neeblet Protoss 

Build Orders:  

Get SALT Encoding   

  12  0:00  Probe (Chrono Boost)  
  13  0:11  Probe (Chrono Boost)  
  14  0:17  Pylon  
  14  0:22  Probe (Chrono Boost)  
  16  0:35  Probe (Chrono Boost)  
  16  0:36  Gateway  
  16  0:42  Assimilator  
  16  0:46  Probe (Chrono Boost)  
  17  0:51  Assimilator  
  17  0:56  Probe (Chrono Boost)  
  18  1:04  Gateway  
  18  1:07  Probe (Chrono Boost)  
  19  1:18  Probe (Chrono Boost)  
  20  1:23  Cybernetics Core  
  20  1:28  Probe (Chrono Boost)  
  21  1:39  Probe (Chrono Boost)  
  22  1:44  Pylon  
  22  1:45  Warp Gate  
  22  1:49  Probe (Chrono Boost)  
  23  2:02  Adept x2  
  23  2:04  Probe (Chrono Boost)  
  28  2:14  Pylon  
  30  2:19  Mothership Core (Chrono Boost)  
  30  2:32  Stalker x2  
  34  3:01  Nexus  
  34  3:02  Probe (Chrono Boost)  
  34  3:04  Sentry  
  35  3:13  Robotics Facility  
  35  3:17  Probe (Chrono Boost)  
  36  3:28  Pylon  
  36  3:29  Probe (Chrono Boost)  
  37  3:40  Probe (Chrono Boost)  
  38  3:45  Twilight Council  
  38  3:51  Probe (Chrono Boost)  
  38  3:52  Stalker  
  39  3:56  Stalker  
  39  4:01  Probe (Chrono Boost)  
  42  4:06  Observer  
  42  4:07  Blink  
  43  4:13  Probe x2 (Chrono Boost)  
  45  4:18  Pylon  
  46  4:25  Probe (Chrono Boost)  
  46  4:26  Observer, Probe (Chrono Boost)  
  48  4:36  Adept  
  48  4:38  Probe (Chrono Boost)  
  52  4:39  Probe (Chrono Boost)  
  52  4:42  Warp Prism  
  52  4:50  Assimilator, Probe (Chrono Boost)  
  52  4:51  Probe (Chrono Boost)  
  56  4:53  Sentry  
  56  4:55  Pylon  
  58  5:02  Probe (Chrono Boost)  
  58  5:03  Probe (Chrono Boost)  
  58  5:06  Gateway  
  61  5:14  Probe (Chrono Boost)  
  61  5:16  Probe (Chrono Boost)  
  61  5:17  Adept x2  
  61  5:19  Immortal  
  66  5:26  Probe (Chrono Boost)  
  71  5:30  Assimilator  
  71  5:31  Probe (Chrono Boost)  
  72  5:36  Pylon  
  72  5:39  Probe (Chrono Boost)  
  72  5:40  Sentry  
  76  5:43  Probe (Chrono Boost)  
  77  5:51  Probe (Chrono Boost)  
  76  5:58  Probe (Chrono Boost)  
  76  5:59  Stalker  
  67  6:04  Probe (Chrono Boost)  
  67  6:10  Robotics Bay  
  63  6:11  Gateway, Stalker x2  
  63  6:14  Gateway  
  68  6:19  Probe (Chrono Boost)  
  68  6:21  Probe (Chrono Boost)  
  68  6:24  Stalker  
  68  6:25  Immortal  
  76  6:38  Stalker x2  
  79  6:42  Pylon  
  79  6:55  Stalker  
  79  6:59  Disruptor  
  81  7:05  Gateway  
  81  7:06  Pylon  
  81  7:07  Stalker  
  81  7:08  Stalker  
  88  7:21  Stalker  
  90  7:29  Pylon  
  90  7:30  Nexus, Disruptor  
  91  7:46  Probe x2 (Chrono Boost)  
  91  7:47  Stalker x2  
  91  7:48  Stalker  
  101  7:58  Probe x2 (Chrono Boost)  
  101  8:00  Forge  
  101  8:05  Pylon  
  101  8:07  Sentry x2  
  101  8:09  Pylon, Disruptor  
  101  8:10  Probe (Chrono Boost)  
  101  8:11  Probe (Chrono Boost)  
  107  8:18  Assimilator  
  110  8:24  Assimilator  
  110  8:25  Probe x2 (Chrono Boost)  
  112  8:31  Stalker x2  
  105  8:42  Stalker, Probe x2 (Chrono Boost)  
  105  8:43  Stalker  
  105  8:47  Protoss Ground Weapons Level 1  
  101  8:50  Stalker  
  101  8:54  Disruptor  
  95  8:58  Probe (Chrono Boost)  
  95  8:59  Probe x2 (Chrono Boost)  
  101  9:09  Stalker, Probe (Chrono Boost), Sentry  
  106  9:14  Photon Cannon  
  106  9:19  Photon Cannon  
  106  9:26  Robotics Facility  
  106  9:29  Sentry  
  106  9:30  Disruptor  
  111  9:36  Probe (Chrono Boost)  
  111  9:37  Probe x2 (Chrono Boost)  
  114  9:42  Pylon  
  114  9:43  Pylon  
  114  9:49  Probe (Chrono Boost)  
  114  9:50  Probe x2 (Chrono Boost)  
  117  9:53  Stalker  
  117  9:54  Stalker x2  
  117  9:58  Stalker  
  125  10:05  Disruptor  
  128  10:11  Stargate  
  128  10:13  Disruptor  
  131  10:20  Stalker x2  
  135  10:27  Nexus, Stalker x2  
  139  10:31  Protoss Ground Weapons Level 2  
  136  10:40  Pylon  
  136  10:46  Pylon  
  136  10:49  Gateway  
  136  10:51  Gateway  
  136  10:54  Disruptor  
  139  10:58  Gateway  
  139  11:00  Stalker x2  
  139  11:04  Disruptor  
  146  11:13  Assimilator, Probe (Chrono Boost)  
  146  11:14  Probe x2 (Chrono Boost)  
  146  11:15  Oracle  
  146  11:17  Assimilator  
  152  11:27  Stalker x2  
  152  11:31  Pylon  
  154  11:34  Pylon  
  151  11:41  Disruptor  
  151  11:42  Disruptor  
  157  11:48  Stalker x2  
  157  11:51  Pylon  
  161  11:55  Oracle  
  161  11:59  Pylon  
  161  12:00  Pylon  
  161  12:16  Stalker x3  
  161  12:17  Stalker x3, Disruptor  
  176  12:23  Stalker  
  173  12:30  Disruptor  
  176  12:41  Stalker  
  176  12:42  Zealot x5  
  188  12:47  Photon Cannon  
  188  12:53  Disruptor  
  179  13:06  Disruptor  
  173  13:17  Stalker  
  173  13:18  Stalker x5  
  165  13:28  Disruptor  
  153  13:42  Disruptor  
  153  13:45  Oracle  
  153  13:50  Stalker x3  
  153  13:51  Stalker x2  
  163  14:04  Disruptor  
  168  14:10  Probe x2 (Chrono Boost)  
  155  14:17  Disruptor  
  155  14:22  Nexus  
  117  14:40  Disruptor  
  112  14:49  Stalker x3  
  112  14:50  Stalker x4  
Show
View Real Time Build Order
Export as new Build Order

Patience Protoss - Winner!

Build Orders:  

Get SALT Encoding   

  12  0:00  Probe (Chrono Boost)  
  13  0:11  Probe (Chrono Boost)  
  14  0:17  Pylon  
  14  0:22  Probe (Chrono Boost)  
  16  0:35  Probe (Chrono Boost)  
  16  0:36  Gateway  
  16  0:43  Assimilator  
  16  0:46  Probe (Chrono Boost)  
  17  0:50  Assimilator  
  18  0:57  Probe (Chrono Boost)  
  18  1:07  Probe (Chrono Boost)  
  18  1:11  Gateway  
  19  1:18  Probe (Chrono Boost)  
  20  1:23  Cybernetics Core  
  20  1:28  Probe (Chrono Boost)  
  20  1:31  Pylon  
  21  1:39  Probe (Chrono Boost)  
  22  1:49  Probe (Chrono Boost)  
  23  1:59  Stalker x2  
  27  2:03  Mothership Core (Chrono Boost)  
  27  2:04  Warp Gate  
  29  2:11  Pylon  
  30  2:23  Probe (Chrono Boost)  
  30  2:31  Adept x2  
  30  2:33  Probe (Chrono Boost)  
  35  3:01  Nexus  
  35  3:10  Robotics Facility  
  35  3:12  Probe (Chrono Boost)  
  36  3:20  Pylon  
  36  3:23  Probe (Chrono Boost)  
  37  3:27  Pylon  
  37  3:33  Probe (Chrono Boost)  
  38  3:44  Probe (Chrono Boost)  
  39  3:55  Probe (Chrono Boost)  
  38  3:56  Warp Prism  
  38  4:01  Robotics Bay  
  40  4:07  Probe (Chrono Boost)  
  39  4:15  Probe (Chrono Boost)  
  39  4:16  Sentry x2  
  44  4:19  Probe (Chrono Boost)  
  45  4:26  Probe (Chrono Boost)  
  45  4:31  Gateway, Probe (Chrono Boost)  
  47  4:32  Observer  
  47  4:36  Probe (Chrono Boost)  
  49  4:41  Gravitic Drive  
  49  4:44  Probe (Chrono Boost)  
  50  4:48  Probe (Chrono Boost), Disruptor  
  51  4:55  Assimilator  
  51  4:56  Probe (Chrono Boost)  
  51  4:59  Assimilator  
  56  5:00  Probe (Chrono Boost)  
  56  5:03  Stalker  
  56  5:07  Pylon, Stalker  
  60  5:10  Probe (Chrono Boost)  
  60  5:12  Probe (Chrono Boost)  
  62  5:16  Pylon  
  62  5:24  Twilight Council  
  62  5:27  Probe x2 (Chrono Boost)  
  64  5:33  Disruptor  
  67  5:43  Pylon  
  67  5:45  Stalker  
  67  5:53  Stalker x2  
  68  6:05  Probe (Chrono Boost)  
  68  6:06  Probe (Chrono Boost), Blink  
  68  6:10  Gateway  
  69  6:12  Gateway  
  69  6:13  Observer  
  69  6:14  Gateway  
  69  6:18  Probe x2 (Chrono Boost)  
  72  6:20  Pylon  
  72  6:30  Probe x2 (Chrono Boost)  
  74  6:42  Stalker x3  
  80  7:07  Nexus  
  80  7:09  Pylon  
  80  7:10  Forge  
  80  7:11  Immortal  
  80  7:21  Sentry x2  
  88  7:26  Stalker x4  
  96  7:32  Pylon  
  96  7:42  Protoss Ground Weapons Level 1  
  96  7:53  Immortal  
  100  8:05  Stalker x5  
  105  8:07  Stalker  
  111  8:19  Photon Cannon  
  113  8:20  Probe x2 (Chrono Boost)  
  113  8:30  Observer  
  90  8:52  Warp Prism  
  90  8:53  Stalker x3  
  90  8:54  Stalker x3  
  96  9:05  Probe (Chrono Boost)  
  96  9:06  Probe (Chrono Boost)  
  96  9:07  Probe (Chrono Boost)  
  99  9:16  Gateway, Probe (Chrono Boost)  
  100  9:17  Gateway  
  100  9:19  Probe x2 (Chrono Boost)  
  100  9:21  Sentry x3  
  108  9:26  Probe (Chrono Boost)  
  108  9:28  Protoss Ground Weapons Level 2, Stalker x3  
  108  9:29  Immortal  
  115  9:38  Assimilator  
  120  9:39  Probe (Chrono Boost)  
  120  9:41  Probe (Chrono Boost)  
  120  9:43  Assimilator  
  121  9:52  Photon Cannon  
  121  9:57  Robotics Facility  
  122  10:01  Probe (Chrono Boost)  
  122  10:02  Probe (Chrono Boost)  
  122  10:03  Probe (Chrono Boost)  
  122  10:04  Pylon  
  124  10:08  Disruptor  
  124  10:13  Probe (Chrono Boost)  
  126  10:17  Adept  
  126  10:34  Stalker  
  126  10:35  Stalker x4  
  136  10:43  Disruptor  
  136  10:46  Nexus  
  136  10:49  Pylon  
  139  10:55  Pylon  
  139  11:02  Disruptor  
  139  11:08  Stargate  
  142  11:14  Observer Gravitic Boosters  
  142  11:15  Disruptor  
  142  11:16  Photon Cannon  
  142  11:17  Probe x3 (Chrono Boost)  
  148  11:29  Probe (Chrono Boost)  
  149  11:33  Disruptor  
  149  11:36  Protoss Ground Weapons Level 3  
  152  11:47  Probe x3 (Chrono Boost)  
  155  11:49  Assimilator  
  155  11:52  Assimilator, Disruptor  
  155  11:55  Pylon  
  155  11:56  Pylon  
  155  11:59  Probe (Chrono Boost)  
  159  12:04  Disruptor  
  157  12:10  Oracle  
  157  12:15  Pylon  
  163  12:29  Disruptor  
  158  12:36  Nexus  
  161  12:38  Pylon, Stalker x6  
  161  12:39  Stalker x2  
  161  12:41  Oracle  
  165  13:02  Stalker x3  
  165  13:05  Stalker x3  
  163  13:06  Stalker  
  163  13:11  Disruptor x2  
  142  13:42  Disruptor  
  142  13:43  Stalker x2  
  142  13:44  Stalker x6  
  151  13:55  Disruptor  
  152  14:14  Stalker x3  
  152  14:15  Stalker  
  152  14:16  Zealot x2  
  164  14:17  Zealot  
  141  14:40  Stalker x2  
  141  14:41  Stalker x2  
  141  14:43  Stalker x2  
  141  14:44  Stalker  
  135  14:58  Adept  
  137  15:11  Stalker x2  
  137  15:12  Stalker x4  
Tags
 
Add a new tag
Caveats
  • Supply blocks, unpowered buildings, or Contaminate may cause inaccurate times.
  • Supply counts are checked every 10 seconds.